 Dungeon Crawl Stone Soup version 0.23-a0-4-g8f018a2 (webtiles) character file.

1343 Nilihum the Chiller (level 8, 0/52 HPs)
             Began as a Merfolk Ice Elementalist on July 31, 2018.
             Succumbed to a water moccasin's poison
             ... on level 8 of the Dungeon.
             The game lasted 00:19:46 (11132 turns).

Nilihum the Chiller (Merfolk Ice Elementalist)     Turns: 11132, Time: 00:19:46

Health: 0/52       AC:  2    Str:  9    XL:     8   Next: 62%
Magic:  5/16       EV: 13    Int: 16    God:
Gold:   264        SH:  0    Dex: 14    Spells: 12/18 levels left

rFire    . . .     SeeInvis .   c - +3 dagger (drain)
rCold    + . .     Gourm    .   (no shield)
rNeg     . . .     Faith    .   a - +1 robe
rPois    .         Spirit   .   (no helmet)
rElec    +         Reflect  .   (no cloak)
rCorr    +         Harm     .   (no gloves)
MR       .....                  (no boots)
Stlth    ++........             (no amulet)
HPRegen  0.17/turn              j - ring of resist corrosion
MPRegen  0.15/turn              h - ring of ice

@: lethally poisoned (0 -> -1), berserk cooldown, slowed, very slow
A: change form in water, swift swim, stealthy swim, blink, deformed body, fire
resistance 1, electricity resistance
a: Blink


You were on level 8 of the Dungeon.
You were not hungry.

You visited 1 branch of the dungeon, and saw 6 of its levels.
You also visited: Sewer.

You collected 264 gold pieces.

Inventory:

Hand Weapons
 c - a +3 dagger of draining (weapon)
Armour
 a - a +1 robe (worn)
 m - a +0 pair of boots
 n - a +2 buckler
Jewellery
 h - a ring of ice (right hand)
 j - a ring of resist corrosion (left hand)
 q - an uncursed amulet of the acrobat {unknown}
Wands
 l - a wand of random effects (22)
Scrolls
 b - a scroll of identify
 k - a scroll of enchant armour
 o - a scroll of remove curse
Potions
 d - a potion of invisibility
 f - 2 potions of flight
 g - a potion of magic
Comestibles
 i - 6 rations
 p - a chunk of flesh


   Skills:
 - Level 2.6 Dodging
 - Level 2.1 Stealth
 + Level 5.8 Spellcasting
 + Level 3.5 Conjurations
 - Level 3.1 Charms
 * Level 7.6 Ice Magic


You had 12 spell levels left.
You knew the following spells:

 Your Spells              Type           Power        Failure   Level  Hunger
a - Freeze                Ice            ####         1%          1    None
b - Throw Frost           Conj/Ice       ####..       2%          2    #......
c - Ozocubu's Armour      Chrm/Ice       ####....     4%          3    ##.....

Your spell library contained the following spells:

 Spells                   Type           Power        Failure   Level  Hunger
 Confuse                  Hex            #.......     38%         3    ##.....
 Summon Ice Beast         Ice/Summ       ####....     28%         4    ####...
 Tukima's Dance           Hex            #.......     38%         3    ##.....
 Throw Icicle             Conj/Ice       ####....     14%         4    ####...
 Ensorcelled Hibernation  Hex/Ice        ####..       4%          2    #......
 Corona                   Hex            #......      14%         1    None
 Dazzling Spray           Conj/Hex       ##....       21%         3    ##.....


Dungeon Overview and Level Annotations

Branches:
Dungeon (8/15)
 Temple: D:4-7         Lair: D:8-11

Altars:
Ashenzari
Dithmenos
Okawaru
Uskayaw
Zin

Annotations:
D:8 Maurice


Innate Abilities, Weirdness & Mutations

You revert to your normal form in water.
You are very nimble and swift while swimming.
You are very stealthy in the water. (Stealth+)
You can translocate small distances at will.
Armour fits poorly on your strangely shaped body.
Your flesh is heat resistant. (rF+)
You are resistant to electric shocks. (rElec)


Message History

Aim: a water moccasin (blue smoke, almost dead)
You feel a surge of power!
You freeze the water moccasin.
You kill the water moccasin!
It was a potion of mutation.
You feel extremely strange.
You feel insulated.
Your body twists and deforms.
You feel resistant to heat.
You feel jittery.
A red film seems to cover your vision as you go berserk!
You feel yourself moving faster!
You feel mighty!
* * * LOW HITPOINT WARNING * * *
You feel sick.
You start resting.
You feel a strong urge to attack something.
You start resting.
You feel your anger nearly subside.
You are no longer berserk.
You are exhausted.
You feel yourself slow down.
* * * LOW HITPOINT WARNING * * *
You feel sick.
There is a lethal amount of poison in your body!
You die...

...
..###
#...
#..#
###..#
#§.§.#
#§§(†#
#.§.@#
#....#
#....#
#§§..#
#..###
#..###
#.)..#
#.##.#
.@#
#(##.#.
#.#


There were no monsters in sight!

Vanquished Creatures
  A water moccasin (D:8)
  An ice beast (D:5)
  An ogre (D:4)
  A bullfrog (Sewer)
  A gnoll sergeant (D:3)
  A scorpion (D:4)
  3 killer bees (D:8)
  A howler monkey (D:5)
  A crimson imp (D:5)
  An orc priest (D:4)
  A hound (D:4)
  2 orc wizards
  Jessica (D:3)
  2 iguanas
  5 worker ants
  15 gnolls
  6 adders
  3 worms
  2 dart slugs
  4 leopard geckos
  29 orcs
  9 bats
  12 giant cockroaches
  7 goblins
  7 hobgoblins
  13 jackals
  6 kobolds
  A quokka (D:3)
  7 ball pythons
  9 frilled lizards
  5 rats
158 creatures vanquished.

Notes
Turn   | Place    | Note
-------+----------+-------------------------------------------
     0 | D:1      | Nilihum the Merfolk Ice Elementalist began the quest for the Orb.
     0 | D:1      | Reached XP level 1. HP: 13/13 MP: 3/3
   735 | D:1      | Reached XP level 2. HP: 10/19 MP: 0/5
   749 | D:1      | Learned a level 2 spell: Throw Frost
  1570 | D:1      | Reached skill level 4 in Ice Magic
  1700 | D:1      | Reached skill level 1 in Conjurations
  1836 | D:1      | Reached XP level 3. HP: 21/24 MP: 3/6
  2261 | D:2      | Reached XP level 4. HP: 30/30 MP: 7/7
  2314 | D:2      | Found a shadowy altar of Dithmenos.
  2362 | D:2      | Found an iron altar of Okawaru.
  2363 | D:2      | Found a hide-covered altar of Uskayaw.
  2653 | D:2      | Learned a level 3 spell: Ozocubu's Armour
  3995 | D:3      | Reached skill level 5 in Ice Magic
  3995 | D:3      | Reached XP level 5. HP: 28/35 MP: 9/9
  4883 | D:3      | Reached skill level 1 in Charms
  5645 | D:3      | Reached XP level 6. HP: 32/41 MP: 9/11
  5905 | D:3      | Noticed Jessica
  5916 | D:3      | Killed Jessica
  7359 | D:4      | Reached XP level 7. HP: 36/46 MP: 3/13
  8058 | D:4      | Found a shattered altar of Ashenzari.
  8543 | D:4      | Reached skill level 6 in Ice Magic
  9286 | D:5      | Entered Level 5 of the Dungeon
  9300 | D:5      | Found a glowing drain.
  9345 | Sewer    | Entered a sewer
  9373 | Sewer    | Reached skill level 5 in Spellcasting
 10150 | Sewer    | Reached XP level 8. HP: 43/52 MP: 10/15
 11039 | D:5      | Reached skill level 7 in Ice Magic
 11052 | D:5      | Found a glowing silver altar of Zin.
 11074 | D:5      | You fall through a shaft for 3 floors!
 11083 | D:8      | Noticed Maurice
 11124 | D:8      | HP: 2/52 [water moccasin (5)]
 11126 | D:8      | Gained mutation: You are resistant to electric shocks. (rElec) [potion of mutation]
 11126 | D:8      | Gained mutation: Armour fits poorly on your strangely shaped body. [potion of mutation]
 11126 | D:8      | Gained mutation: Your flesh is heat resistant. (rF+) [potion of mutation]
 11126 | D:8      | Gained mutation: You can translocate small distances at will. [potion of mutation]
 11130 | D:8      | HP: 1/52 [poisoned by a water moccasin]
 11132 | D:8      | Succumbed to a water moccasin's poison

Vault maps used:
D:1:      onia_arrival_pyramid, minivault_27
D:2:      nicolae_overflow_hidden_temple
D:3:      uniq_jessica
D:4:      old_standard_altar, first_ration, minmay_misc_feat_doors
D:5:      zin_statuary, gup_sewer_entry_glass, uniq_pikel
D:8:      ebering_ghost_reflecting_pool, uniq_prince_ribbit1, uniq_maurice
Sewer:    sewer_frog_island_01

Skill      XL: |  1  2  3  4  5  6  7  8 |
---------------+-------------------------+-----
Ice Magic      | 4 5 6 7 |  7.6
Conjurations   | 1 2 3 |  3.5
Spellcasting   | 3 4 5 |  5.8
Charms         | 1 2 3 |  3.1
Dodging        | |  2.6
Stealth        | |  2.1

Action                   |  1- 3 |  4- 6 |  7- 9 || total
-------------------------+-------+-------+-------++-------
Melee: Unarmed           |    12 |       |       ||    12
       Dagger            |     6 |   127 |    50 ||   183
 Cast: Freeze            |    40 |    75 |    76 ||   191
       Throw Frost       |       |    24 |    34 ||    58
       Ozocubu's Armour  |       |     1 |     2 ||     3
  Use: Scroll            |       |     5 |     8 ||    13
       Potion            |       |     2 |     3 ||     5
 Stab: Sleeping          |     3 |     6 |       ||     9
       Distracted        |       |     1 |       ||     1
  Eat: Chunk             |     1 |    17 |    10 ||    28
       Ration            |     1 |       |     1 ||     2
Armor: Robe              |    10 |    20 |    19 ||    49
Dodge: Dodged            |    43 |   116 |    94 ||   253

Table legend:
 A = Spawn XP
 B = Non-spawn XP
 C = Spawn XP percentage of total XP
 D = Spawn monster count
 E = Non-spawn monster count
 F = Spawn count percentage of total count
 G = Total turns spent on level
                    A         B        C        D         E        F      G
               +---------+---------+-------+---------+---------+-------+---------
         Total |       0 |    1919 |   0.0 |       0 |     158 |   0.0 | 11132
               +---------+---------+-------+---------+---------+-------+---------
           D:1 |       0 |      37 |   0.0 |       0 |      21 |   0.0 |  1975
           D:2 |       0 |     109 |   0.0 |       0 |      32 |   0.0 |  2330
           D:3 |       0 |     332 |   0.0 |       0 |      35 |   0.0 |  2498
           D:4 |       0 |     607 |   0.0 |       0 |      33 |   0.0 |  2483
           D:5 |       0 |     370 |   0.0 |       0 |      17 |   0.0 |   700
           D:8 |       0 |     339 |   0.0 |       0 |       4 |   0.0 |    58
         Sewer |       0 |     125 |   0.0 |       0 |      16 |   0.0 |  1088
               +---------+---------+-------+---------+---------+-------+---------
